 Dungeon Crawl Stone Soup version 0.25.1-2-g60ff931df9 (webtiles) character file.

Game seed: 11137078891086734739

49 funkygono the Conjurer (level 3, -1/24 HPs)
             Began as a Demonspawn Conjurer on Oct 3, 2020.
             Slain by a kobold
             ... wielding a +0 short sword
              (5 damage)
             ... on level 2 of the Dungeon.
             The game lasted 00:03:28 (1528 turns).

funkygono the Conjurer (Demonspawn Conjurer)        Turns: 1528, Time: 00:03:28

Health: -1/24      AC:  5    Str:  8    XL:     3   Next: 53%
Magic:  1/6        EV: 12    Int: 17    God:
Gold:   87         SH:  0    Dex: 13    Spells: 3/6 levels left

rFire    . . .     SeeInvis +   h - +0 whip
rCold    . . .     Gourm    .   (no shield)
rNeg     . . .     Faith    .   a - +0 robe
rPois    .         Spirit   .   (helmet restricted)
rElec    .         Reflect  .   (no cloak)
rCorr    .         Harm     .   (no gloves)
MR       .....                  b - +0 pair of boots
Stlth    ++........             (no amulet)
HPRegen  0.08/turn              j - ring of see invisible
MPRegen  0.10/turn              (no ring)

@: no status effects
A: antennae 1, yellow scales 1
a: no special abilities


You were on level 2 of the Dungeon.
You were not hungry.

You visited 1 branch of the dungeon, and saw 2 of its levels.

You collected 87 gold pieces.

Inventory:

Hand Weapons
 h - a +0 whip (weapon)
Missiles
 i - 57 stones (quivered)
Armour
 a - a +0 robe (worn)
 b - a +0 pair of boots (worn)
Jewellery
 j - a ring of see invisible (left hand)
 l - an uncursed amulet of guardian spirit
Scrolls
 e - a scroll of identify
 g - 4 scrolls of blinking {unknown}
 m - a scroll of enchant armour {unknown}
Potions
 d - a potion of lignification
 k - a potion of resistance
Comestibles
 c - 2 rations
 f - 8 chunks of flesh


   Skills:
 + Level 2.0 Dodging
 - Level 1.7 Stealth
 + Level 2.4 Spellcasting
 + Level 4.9 Conjurations


You had 3 spell levels left.
You knew the following spells:

 Your Spells              Type           Power        Failure   Level  Hunger
a - Magic Dart            Conj           ###.         2%          1    #......
b - Searing Ray           Conj           ###...       3%          2    ##.....

Your spell library contained the following spells:

 Spells                   Type           Power        Failure   Level  Hunger
 Dazzling Flash           Conj/Hex       ##....       21%         3    ###....
 Fulminant Prism          Conj/Hex       ##........   54%         4    #####..
 Iskenderun's Mystic Bla  Conj/Tloc      ##......     54%         4    #####..


Dungeon Overview and Level Annotations

Branches:
Dungeon (2/15)

Altars:


Innate Abilities, Weirdness & Mutations

You have a pair of small antennae on your head.
You are partially covered in yellow scales. (AC +2)


Message History

You hit the worm.
The worm is almost dead.
The worm completely misses you.
You barely miss the worm.
The worm is almost dead.
The kobold hits you with a +0 short sword.
You barely miss the worm.
The worm is almost dead.
The kobold hits you with a +0 short sword!
The worm misses you.
You hit the worm.
The worm is almost dead.
The kobold hits you but does no damage. The worm bites you!
* * * LOW HITPOINT WARNING * * *
You hit the worm.
You kill the worm!
The kobold closely misses you. The kobold hits you but does no damage.
You miss the kobold.
The kobold hits you with a +0 short sword.
You die...

................##.#
##....................
#................#...#
#................###.#
#...............÷# #..
###............÷...###..
#......................#
#.....K$..............##
....[.†@...#.####...#..#
#....###.##..#†.....##.#
#.. #.........###...#.#
# #..................
#.........#######.#
#.........# #..
########### ###


You could see a kobold.

Vanquished Creatures
  An ooze (D:2)
  2 worms (D:2)
  2 dart slugs (D:1)
  A leopard gecko (D:1)
  7 bats
  A giant cockroach (D:2)
  2 goblins
  6 hobgoblins
  3 jackals
  A kobold (D:2)
  3 frilled lizards (D:1)
  A rat (D:1)
30 creatures vanquished.

Notes
Turn   | Place    | Note
-------+----------+-------------------------------------------
     0 | D:1      | funkygono the Demonspawn Conjurer began the quest for the
                  | Orb.
     0 | D:1      | Reached XP level 1. HP: 13/13 MP: 3/3
   416 | D:1      | Gained mutation: You are partially covered in yellow
                  | scales. (AC +2) [demonic ancestry]
   416 | D:1      | Reached XP level 2. HP: 19/19 MP: 0/5
   420 | D:1      | Learned a level 2 spell: Searing Ray
  1136 | D:2      | Gained mutation: You have a pair of small antennae on your
                  | head. [demonic ancestry]
  1136 | D:2      | Reached XP level 3. HP: 24/24 MP: 2/6
  1528 | D:2      | Slain by a kobold

Illustrated notes

Levels and vault maps discovered:
D:1:      saegor_arrival_simple_d, layout_loops_cross, hex_tiny
D:2:      layout_rooms, grunt_decor_fettered, uniq_robin

Skill      XL: |  1  2 |
---------------+-------+-----
Dodging        | 2 |  2.0
Stealth        | |  1.7
Spellcasting   | |  2.4
Conjurations   | |  4.9

Action                   || total
-------------------------++-------
Melee: Whip              ||    23
 Cast: Magic Dart        ||    71
       Searing Ray       ||     3
  Use: Scroll            ||     4
  Eat: Chunk             ||     3
Armor: Robe              ||    11
Dodge: Dodged            ||    15
